 Dungeon Crawl Stone Soup version 0.28-a0-793-g31680bbd8b (webtiles) character file.

Game seed: 13641898751384765837

273 ytrimaz the Covered (level 6, -17/48 HPs)
             Began as a Formicid Fighter on Nov 3, 2021.
             Demolished by an ogre (31 damage)
             ... on level 4 of the Dungeon.
             The game lasted 00:02:47 (4007 turns).

ytrimaz the Covered (Formicid Fighter)              Turns: 4007, Time: 00:02:47

Health: -17/48     AC:  7    Str: 20 (22) XL:     6   Next: 48%
Magic:  6/6        EV:  7    Int:  7 (8)  God:
Gold:   140        SH:  4    Dex:  7 (10) Spells: 5/5 levels left

rFire   . . .      SeeInvis +   j - +3 short sword (drain)
rCold   . . .      Faith    .   c - +0 buckler
rNeg    . . .      Spirit   .   b - +0 scale mail
rPois   .          Reflect  .   (helmet unavailable)
rElec   .          Harm     .   (no cloak)
rCorr   .          Rampage  .   (no gloves)
Will    .....                   (no boots)
Stlth   ..........              (no amulet)
HPRegen 0.16/turn               (no ring)
MPRegen 0.10/turn               (no ring)

@: brilliant, constricted
A: permanent stasis, dig shafts and tunnels, antennae 3, four strong arms
a: Dig, Shaft Self


You were on level 4 of the Dungeon.
You visited 1 branch of the dungeon, and saw 4 of its levels.

You collected 140 gold pieces.

Inventory:

Hand Weapons
 a - a +0 rapier
 j - a +3 short sword of draining (weapon)
Missiles
 d - a throwing net
Armour
 b - a +0 scale mail (worn)
 c - a +0 buckler (worn)
Scrolls
 e - 2 scrolls of identify {unknown}
 f - 3 scrolls of teleportation {unknown}
 h - a scroll of fog {unknown}
 k - a scroll of enchant weapon {unknown}
 l - a scroll of amnesia {unknown}
 m - 2 scrolls of magic mapping {unknown}
 n - a scroll of brand weapon {unknown}
Potions
 o - a potion of curing {unknown}


   Skills:
 + Level 4.2 Fighting
 - Level 2.0 Short Blades
 * Level 6.1 Armour
 * Level 2.2 Dodging
 - Level 0.4 Stealth
 - Level 3.7 Shields


You had 5 spell levels left.
You didn't know any spells.
Your spell library contained the following spells:

 Spells                   Type           Power      Damage    Failure   Level
 Inner Flame              Hex/Fire       0%         N/A       98%         3
 Cause Fear               Hex            0%         N/A       100%        4
 Discord                  Hex            0%         N/A       100%        8


Dungeon Overview and Level Annotations

Branches:
Dungeon (4/15)
 Temple: D:4-7

Altars:

Annotations:
D:3 3 runed translucent doors, AttackTheMoon's ghost, amateur OpFi


Innate Abilities, Weirdness & Mutations

You cannot be hasted, slowed, berserked, paralysed or teleported.
You can dig through walls and to a lower floor.
You have a pair of large antennae on your head. (SInv)
Your four strong arms can wield two-handed weapons with a shield.


Message History

You hit the endoplasm.
You kill the endoplasm!
You closely miss the ogre.
The ogre hits you with a +0 giant spiked club!
The ball python barely misses you. The ball python grabs you.
The ball python constricts you.
You closely miss the ball python. The ball python bites you.
The ball python constricts you. The ogre closely misses you.
You closely miss the ball python. The ball python closely misses you.
The ball python constricts you.
The ogre hits you with a +0 giant spiked club!!
You are too injured to fight recklessly!
You are too injured to fight recklessly!
You are too injured to fight recklessly!
You are too injured to fight recklessly!
You are too injured to fight recklessly!
You are too injured to fight recklessly!
You are too injured to fight recklessly!
You are too injured to fight recklessly!
You are too injured to fight recklessly!
You are too injured to fight recklessly!
Unknown command.
You puncture the ogre!
The ogre is moderately wounded.
The ball python bites you.
* * * LOW HITPOINT WARNING * * *
The ball python constricts you.
The ball python bites you but does no damage.
The ball python constricts you.
Unknown command.
It was a potion of brilliance.
You feel clever all of a sudden. The ogre barely misses you.
The ball python barely misses you. The ball python constricts you.
It was a potion of degeneration.
There was something very wrong with that liquid.
You feel weakened.
You feel dopey.
You feel clumsy.
The ogre hits you with a +0 giant spiked club!!
Ouch! That really hurt!
You die...

.+ #.# ## 8.8 ......
....... #.# ......
....... ##.##
......##....... #8.8#
............... #.#
............. ##.##
...........# #8.8#
......SO...#
####.###########@...#
#8##.##8##8##8##...##
....)..........'.###
#8##.##8##8##8##.#
####.###########.#
8.8 ..# ##.## ### #.#
#.#


You could see an ogre and a ball python.

Vanquished Creatures
  An orc priest (D:2)
  3 orc wizards (D:3)
  Robin (D:2)
  4 gnolls (D:2)
  2 adders
  An adder skeleton (D:4)
  2 worms (D:3)
  2 dart slugs
  8 orcs
  5 ball pythons
  6 endoplasms
  3 giant cockroaches
  7 hobgoblins
  6 jackals (D:2)
  5 quokkas
  4 bats (D:1)
  12 goblins
  4 kobolds
  3 rats (D:2)
79 creatures vanquished.

Notes
Turn   | Place    | Note
-------+----------+-------------------------------------------
     0 | D:1      | ytrimaz the Formicid Fighter began the quest for the Orb.
     0 | D:1      | Reached XP level 1. HP: 18/18 MP: 1/1
   352 | D:1      | Reached XP level 2. HP: 22/24 MP: 2/2
   672 | D:1      | Reached XP level 3. HP: 25/29 MP: 3/3
  1006 | D:1      | Reached skill level 4 in Armour
  1135 | D:2      | HP: 1/30 [gnoll (2)]
  1137 | D:2      | Reached skill level 1 in Dodging
  1137 | D:2      | Reached XP level 4. HP: 2/37 MP: 4/4
  1425 | D:2      | Found a faded altar of an unknown god.
  1820 | D:2      | Reached skill level 5 in Armour
  1820 | D:2      | Reached XP level 5. HP: 40/42 MP: 5/5
  2566 | D:3      | Noticed Robin
  2581 | D:2      | Killed Robin
  3202 | D:3      | Reached XP level 6. HP: 46/48 MP: 6/6
  3225 | D:3      | Noticed AttackTheMoon's ghost (amateur OpFi)
  3233 | D:3      | Found a runed translucent gate.
  3233 | D:3      | Found a runed translucent gate.
  3233 | D:3      | Found a runed translucent gate.
  3689 | D:3      | Reached skill level 6 in Armour
  3997 | D:4      | Noticed an ogre
  4007 | D:4      | Demolished by an ogre

Illustrated notes

Levels and vault maps discovered:
D:1:      dpeg_arrival_boxes_within_box, layout_loops_corners,
          serial_park_tiny_2, minmay_tromino_v2
D:2:      layout_basic, ebering_ecumenical_altar_webs, serial_corexii_hall,
          corexii_hall_statues_s, corexii_hall_statues_x
D:3:      layout_basic, gammafunk_ghost_split, uniq_robin
D:4:      layout_basic, dk_noncrumbling_2, uniq_sigmund

Skill      XL: |  1  2  3  4  5  6 |
---------------+-------------------+-----
Armour         | 4 5 6 |  6.1
Dodging        | 1 2 |  2.2
Fighting       | 4 |  4.2
Short Blades   | |  2.0
Stealth        | |  0.4
Shields        | |  3.7

Action                   |  1- 3 |  4- 6 || total
-------------------------+-------+-------++-------
Melee: Rapier            |    81 |    87 ||   168
       Short sword       |       |    84 ||    84
 Abil: Dig               |       |     3 ||     3
  Use: Potion            |     1 |     2 ||     3
Armor: Scale mail        |    41 |    83 ||   124
Dodge: Dodged            |    42 |   110 ||   152
Block: Buckler           |    15 |    52 ||    67

Table legend: (Time is in decaauts)
 A = Elapsed time spent in this place.
 B = Non-inter-level travel time spent in this place.
 C = Inter-level travel time spent in this place.
 D = Time resting spent in this place.
 E = Time spent auto-exploring this place.
 F = Levels seen in this place.
 G = Mean time per level.
                   A        B        C        D        E       F      G
               +--------+--------+--------+--------+--------+-----+--------+
         Total |   4022 |   3946 |     76 |    549 |   2817 |   4 | 1005.5 |
       Dungeon |   4022 |   3946 |     76 |    549 |   2817 |   4 | 1005.5 |
               +--------+--------+--------+--------+--------+-----+--------+

Top non-repeatable levels by time:
     D:2: 1736 daAuts
     D:1: 1111 daAuts
     D:3: 1081 daAuts
     D:4: 93 daAuts
